 Dungeon Crawl Stone Soup version 0.31-a0-1074-g0b22e4e0f1 (webtiles) character file.

Game seed: 17894401219989281817

380 grandjackal the Trooper (level 6, 0/66 HPs)
             Began as an Ogre Warper on Nov 29, 2023.
             Slain by a gnoll bouda
             ... wielding a +0 whip
              (10 damage)
             ... on level 3 of the Dungeon.
             The game lasted 00:05:25 (4709 turns).

grandjackal the Trooper (Ogre Warper)               Turns: 4709, Time: 00:05:26

Health: 0/66       AC:  3    Str: 16    XL:     6   Next: 75%
Magic:  12/12      EV:  9    Int: 16    God:
Gold:   225        SH:  0    Dex:  8    Spells: 7/14 levels left

rFire   + . .        w - +0 morningstar
rCold   + + .        (no shield)
rNeg    . . .        b - +0 robe
rPois   .            (helmet restricted)
rElec   .            h - scarf {rC+ rF+}
rCorr   .            (gloves unavailable)
SInv    .            (boots unavailable)
Will    .....        (no amulet)
Stlth   +            u - ring of protection from cold
HPRegen 0.31/turn    (no ring)
MPRegen 0.13/turn

%: no passive effects
@: weakened
A: large, unfitting armour, tough skin 1
a: no special abilities


You were on level 3 of the Dungeon.
You visited 1 branch of the dungeon, and saw 4 of its levels.

You collected 261 gold pieces.
You spent 36 gold pieces at shops.

Inventory:

Hand Weapons
 w - a +0 morningstar (weapon)
Missiles
 d - 7 darts of dispersal
Armour
 b - a +0 robe (worn)
 h - a scarf of resistance (worn)
 t - a scarf of invisibility
Jewellery
 u - a ring of protection from cold (left hand)
Scrolls
 c - a scroll of blinking
 f - 5 scrolls of identify {unknown}
 g - a scroll of vulnerability {unknown}
 k - a scroll of acquirement {unknown}
 l - a scroll of teleportation
 m - a scroll of brand weapon {unknown}
 r - a scroll of torment {unknown}
 s - a scroll of immolation {unknown}
 v - a scroll of amnesia {unknown}
 x - a scroll of enchant armour {unknown}
Potions
 a - 2 potions of curing {unknown}
 i - 2 potions of mutation {unknown}
 j - a potion of enlightenment {unknown}
 n - a potion of degeneration {unknown}
 o - 2 potions of cancellation {unknown}
 p - a potion of lignification {unknown}
 q - a potion of brilliance {unknown}


   Skills:
 + Level 5.4 Fighting
 - Level 2.0 Maces & Flails
 - Level 1.0 Throwing
 - Level 2.1 Dodging
 + Level 4.5 Spellcasting
 + Level 3.9 Translocations
 + Level 2.2 Air Magic


You had 7 spell levels left.
You knew the following spells:

 Your Spells              Type           Power      Damage    Failure   Level
a - Blink                 Tloc           32%        N/A       4%          2
b - Static Discharge      Conj/Air       14%        3-4/arc   16%         2
c - Gell's Gravitas       Tloc           16%        N/A       10%         3

Your spell library contained the following spells:

 Spells                   Type           Power      Damage    Failure   Level
 Lesser Beckoning         Tloc           32%        N/A       4%          2
 Shock                    Conj/Air       28%        1d4       10%         1
 Teleport Other           Tloc           16%        N/A       10%         3
 Cigotuvi's Dreadful Rot  Necr/Pois/Air  12%        N/A       19%         2
 Swiftness                Air            10%        N/A       19%         3
 Manifold Assault         Tloc           16%        N/A       32%         4
 Vhi's Electric Charge    Tloc/Air       26%        N/A       41%         4
 Airstrike                Air            5%         2d(1-17)  54%         4
 Summon Lightning Spire   Summ/Air       7%         N/A       69%         4


Dungeon Overview and Level Annotations

Branches:
Dungeon (4/15)
 Temple: D:4-7

Altars:
Dithmenos
Qazlal
Zin

Shops:
D:2 ?(


Innate Abilities, Weirdness & Mutations

You are too large for most types of armour.
You have tough skin. (AC +1)


Message History

Aim: a gnoll bouda, wielding a +0 whip and wearing a +0 leather armour (poisoned, 56% to hit)
You throw a poisoned dart. The poisoned dart hits the gnoll bouda.
The gnoll bouda looks even sicker.
The gnoll bouda barely misses you.
Throw: 2 darts (poison)
Press: ? - help, Q - select action, (/) - cycle Shift-Dir - straight line, f/p - gnoll bouda
Aim: a gnoll bouda, wielding a +0 whip and wearing a +0 leather armour (lightly wounded, very poisoned, 56% to hit)
You throw a poisoned dart.
The poisoned dart barely misses the gnoll bouda.
Your attacks no longer feel as feeble.
The gnoll bouda hits you with a +0 whip.
Throw: dart (poison)
Press: ? - help, Q - select action, (/) - cycle Shift-Dir - straight line, f/p - gnoll bouda
Aim: a gnoll bouda, wielding a +0 whip and wearing a +0 leather armour (lightly wounded, very poisoned, 56% to hit)
You throw a poisoned dart. The poisoned dart hits the gnoll bouda.
The gnoll bouda looks even sicker.
The gnoll bouda is lightly wounded.
The gnoll bouda hits you with a +0 whip!
You hit the gnoll bouda but do no damage.
The gnoll bouda is lightly wounded.
The gnoll bouda hits you with a +0 whip.
You hit the gnoll bouda but do no damage.
The gnoll bouda is moderately wounded.
The gnoll bouda closely misses you.
The gnoll bouda hits you with a +0 whip.
You hit the gnoll bouda.
The gnoll bouda is heavily wounded.
The gnoll bouda gazes fiercely through you!
You feel your attacks grow feeble.
The gnoll bouda hits you with a +0 whip!
You barely miss the gnoll bouda.
The gnoll bouda is heavily wounded.
The gnoll bouda prays to its god.
The gnoll bouda is healed somewhat.
The gnoll bouda hits you with a +0 whip!
* * * LOW HITPOINT WARNING * * *
You hit the gnoll bouda but do no damage.
The gnoll bouda is moderately wounded.
The gnoll bouda hits you with a +0 whip!
You die...

#..........# #....
#.########.# #.### #.# #.#
#<# #.# #.# ##########.# #.#
#.# #..........#
#.########.####.#######..#
#...............# #..#
#..####.##.)...########..###
#..####.##.@................
#...........g...#######.####
##)####.###.#.#.# #.# #.#
#.###.#.#.# #<#### #.#
#.........# #..... #.#
#####.#...## ###### #.#
#.#....# #.# #.##)..# #.#
#.##...##


You could see a gnoll bouda (very poisoned).

Vanquished Creatures
  A scorpion (D:4)
  2 jellies (D:4)
  A hound (D:4)
  An orc wizard (D:2)
  An iguana (D:4)
  Robin (D:1)
  6 adders
  3 gnolls
  7 orcs
  3 ball pythons
  4 bats
  6 endoplasms
  A giant cockroach (D:1)
  12 goblins
  9 hobgoblins
  4 jackals (D:1)
  A quokka (D:2)
  A frilled lizard (D:3)
  2 kobolds (D:4)
  20 rats
86 creatures vanquished.

Notes
Turn   | Place    | Note
-------+----------+-------------------------------------------
     0 | D:1      | grandjackal the Ogre Warper began the quest for the Orb.
     0 | D:1      | Reached XP level 1. HP: 22/22 MP: 3/3
   182 | D:1      | Reached XP level 2. HP: 29/29 MP: 5/5
   184 | D:1      | Reached skill level 3 in Fighting
   187 | D:1      | Learned a level 2 spell: Blink
   818 | D:1      | Reached XP level 3. HP: 27/37 MP: 7/7
   999 | D:2      | Noticed Robin
  1317 | D:1      | Killed Robin
  1477 | D:2      | Reached XP level 4. HP: 43/48 MP: 8/8
  1483 | D:2      | Learned a level 2 spell: Static Discharge
  1649 | D:2      | Reached skill level 4 in Fighting
  1719 | D:2      | Found Wuogareo's Magic Scroll Boutique.
  1760 | D:2      | Bought a scroll of teleportation for 36 gold pieces
  1969 | D:2      | Found Iciotequ's Weapon Shoppe.
  2205 | D:2      | Got the Precepts of Invincibility
  2441 | D:2      | Reached skill level 1 in Air Magic
  2441 | D:2      | Reached XP level 5. HP: 30/55 MP: 10/10
  2704 | D:3      | Found a stormy altar of Qazlal.
  2726 | D:3      | Learned a level 3 spell: Gell's Gravitas
  2921 | D:3      | Found a shadowy altar of Dithmenos.
  3221 | D:4      | Found a glowing silver altar of Zin.
  3221 | D:4      | Noticed an angel
  3783 | D:4      | Reached XP level 6. HP: 63/65 MP: 12/12
  3836 | D:4      | Reached skill level 5 in Fighting
  4709 | D:3      | Slain by a gnoll bouda

Illustrated notes

Levels and vault maps discovered:
D:1:      dpeg_arrival_arbitrary_b, layout_loops_corners
D:2:      layout_loops_ring, serial_shops, nicolae_shop_bloodbath_and_beyond,
          nicolae_shop_crystal, minmay_rat_hole, uniq_robin
D:3:      layout_loops_ring, mainiacjoe_overflow_24_doors,
          mainiacjoe_overflow_six_doors_small
D:4:      layout_loops_ring, zin_angel, makhleb_heckhound_becter,
          small_statue_intersection

Skill      XL: |  1  2  3  4  5  6 |
---------------+-------------------+-----
Fighting       | 3 4 5 |  5.4
Maces & Flails | 2 |  2.0
Translocations | 3 |  3.9
Spellcasting   | 3 4 |  4.5
Air Magic      | 1 2 |  2.2
Throwing       | |  1.0
Dodging        | |  2.1

Action                     |  1- 3 |  4- 6 || total
---------------------------+-------+-------++-------
  Melee: Mace              |   106 |    81 ||   187
         Flail             |       |    72 ||    72
         Morningstar       |       |    68 ||    68
         Punch             |       |     2 ||     2
  Throw: Dart              |       |    20 ||    20
   Cast: Blink             |       |     2 ||     2
   Stab: Sleeping          |       |     1 ||     1
 Armour: Robe              |   106 |   195 ||   301
  Dodge: Dodged            |    54 |    97 ||   151

Table legend: (Time is in decaauts)
 A = Elapsed time spent in this place.
 B = Non-inter-level travel time spent in this place.
 C = Inter-level travel time spent in this place.
 D = Time resting spent in this place.
 E = Time spent auto-exploring this place.
 F = Levels seen in this place.
 G = Mean time per level.
                   A        B        C        D        E       F      G
               +--------+--------+--------+--------+--------+-----+--------+
         Total |   4819 |   4735 |     84 |   1232 |   2570 |   4 | 1204.8 |
       Dungeon |   4819 |   4735 |     84 |   1232 |   2570 |   4 | 1204.8 |
               +--------+--------+--------+--------+--------+-----+--------+

Top non-repeatable levels by time:
     D:4: 1488 daAuts
     D:1: 1453 daAuts
     D:2: 1224 daAuts
     D:3: 651 daAuts
